 Dungeon Crawl Stone Soup version 0.27-a0-1158-gaa87e14f67 (webtiles) character file.

Game seed: 13510899745351401354

36615 Gorglomux the Fighter (level 14, -7/112 HPs)
             Began as a Djinni Ice Elementalist on May 14, 2021.
             Was a High Priest of Makhleb.
             Mangled by an eight-headed hydra (13 damage)
             ... on level 2 of the Lair of Beasts on May 15, 2021.
             The game lasted 01:11:38 (25041 turns).

Gorglomux the Fighter (Djinni Ice Elementalist)    Turns: 25041, Time: 01:11:38

Health: -7/112     AC: 19    Str: 12    XL:     14   Next: 24%
Gold:   399        EV:  6    Int: 22    God:    Makhleb [*****.] SH:  0 Dex: 14

rFire    + + .     SeeInvis .   p - +3 dagger
rCold    x . .     Faith    .   (no shield)
rNeg     . . .     Spirit   .   c - +5 ring mail "Wavazu Tudgh" {Str+5 Stlth+}
rPois    ∞         Reflect  .   g - +0 helmet
rElec    .         Harm     .   N - +2 cloak
rCorr    .         Rampage  .   (no gloves)
Will     ++...                  (boots unavailable)
Stlth    +++.......             i - amulet of the acrobat
HPRegen  0.28/turn              h - ring of willpower
MPRegen  0.00/turn              a - +4 ring of protection

@: flying, held
A: sickness immunity, fire resistance 2, cold vulnerability 1, float, innate
caster, hp casting, extra vitality 1
a: Renounce Religion, Minor Destruction, Lesser Servant of Makhleb, Major
Destruction, Greater Servant of Makhleb


You were on level 2 of the Lair of Beasts.
You worshipped Makhleb.
Makhleb was extremely pleased with you.
You visited 3 branches of the dungeon, and saw 17 of its levels.
You also visited: Ossuary.

You collected 1075 gold pieces.
You spent 676 gold pieces at shops.

Inventory:

Hand Weapons
 p - a +3 dagger (weapon)
 L - a +2 short sword of venom
Missiles
 F - 6 curare-tipped darts
 J - 3 atropa-tipped darts (quivered)
Armour
 c - the +5 ring mail "Wavazu Tudgh" (worn) {Str+5 Stlth+}
   (You bought it in a shop on level 13 of the Dungeon)

   It affects your strength (+5).
   It makes you more stealthy.
 g - a +0 helmet (worn)
 l - a +0 kite shield
 t - a +3 leather armour of cold resistance
 G - a +0 kite shield
 N - a +2 cloak (worn)
Jewellery
 a - a +4 ring of protection (right hand)
 f - a ring of ice
 h - a ring of willpower (left hand)
 i - an amulet of the acrobat (around neck)
 u - a ring of positive energy
 v - a ring of magical power
 y - a ring of wizardry
Wands
 b - a wand of mindburst (11)
 s - a wand of charming (17)
 z - a wand of polymorph (9)
 A - a wand of acid (8)
 D - a wand of digging (17)
 I - a wand of iceblast (9)
 P - a wand of paralysis (7)
 V - a wand of flame (71)
Scrolls
 d - a scroll of summoning {unknown}
 e - 2 scrolls of silence {unknown}
 n - a scroll of brand weapon {unknown}
 o - a scroll of fog {unknown}
 q - a scroll of enchant weapon {unknown}
 w - a scroll of immolation
 C - 2 scrolls of acquirement {unknown}
 E - 2 scrolls of blinking {unknown}
 M - a scroll of magic mapping
 R - a scroll of vulnerability {unknown}
 T - 7 scrolls of teleportation
Potions
 j - a potion of ambrosia
 k - 3 potions of lignification
 m - 2 potions of mutation
 r - a potion of might
 x - a potion of invisibility
 B - a potion of heal wounds
 H - 2 potions of haste
 K - 3 potions of resistance
 O - 2 potions of berserk rage
 Q - 6 potions of curing


   Skills:
 + Level 14.8 Fighting
 - Level 4.0 Armour
 + Level 4.0 Dodging
 - Level 4.0 Stealth
 + Level 12.2 Spellcasting
 + Level 5.1 Invocations
 + Level 2.9 Evocations


You had 2 spell levels left.
You knew the following spells:

 Your Spells              Type           Power      Damage    Failure   Level
a - Freeze                Ice            100%       1d11      1%          1
b - Frozen Ramparts       Ice            100%       1d12      1%          3
c - Hailstorm             Conj/Ice       61%        3d13      1%          4
d - Metabolic Englaciati  Hex/Ice        30%        N/A       1%          5
e - Magic Dart            Conj           100%       1d8       1%          1
f - Poisonous Vapours     Pois/Air       100%       N/A       1%          2
g - Gell's Gravitas       Tloc           30%        N/A       1%          3
h - Ozocubu's Armour      Ice            61%        N/A       1%          3
i - Petrify               Tmut/Erth      61%        N/A       1%          4
j - Airstrike             Air            30%        N/A       1%          4
w - Lightning Bolt        Conj/Air       30%        1d47      1%          5
Your spell library was empty.

Dungeon Overview and Level Annotations

Branches:
Dungeon (14/15)            Temple (1/1) D:6            Lair (2/6) D:8
    Orc (0/2) D:9         Ossuary (visited)
  Swamp: Lair:2-4    Shoals: Lair:2-4     Snake: Lair:2-4    Spider: Lair:2-4
 Vaults: D:13-14

Altars:
Ashenzari
Cheibriados
Dithmenos
Elyvilon
Fedhas
Gozag
Hepliaklqana
Kikubaaqudgha
Makhleb
Nemelex Xobeh
Okawaru
Qazlal
Ru
Sif Muna
Trog
Uskayaw
Vehumet
Wu Jian
Xom
Yredelemnul
Zin
The Shining One

Shops:
D:1 [   D:5 *   D:13 *

Annotations:
D:8 2 transporters, Lanoc's ghost, novice NaEn
D:12 3 runed translucent doors, rigao's ghost, journeyman TrCK
D:13 exclusion: death knight


Innate Abilities, Weirdness & Mutations

You are immune to sickness and miasma.
You are immune to poison.
Your flesh is very heat resistant. (rF++)
You are vulnerable to cold. (rC-)
You float through the air rather than walking.
You learn spells naturally, not from books.
Your magical power is your life essence.
You have superior vitality. (+4 HP)


Message History

You feel better.
The merfolk siren collides with the merfolk!
The merfolk siren collides with the merfolk siren!
The water moccasin barely misses you. The eight-headed hydra bites you.
The eight-headed hydra barely misses you.
The eight-headed hydra bites you but does no damage.
The eight-headed hydra bites you! The eight-headed hydra bites you.
The eight-headed hydra barely misses you.
The eight-headed hydra bites you. The eight-headed hydra bites you!
* * * LOW HITPOINT WARNING * * *
The merfolk siren chants a haunting song.
You easily resist.
The cane toad barely misses you. The komodo dragon bites you!!
* * * LOW HITPOINT WARNING * * *
The merfolk hits you from afar with a +0 trident.
* * * LOW HITPOINT WARNING * * *
The water moccasin bites you but does no damage.
Unknown command.
Okay, then.
You feel much better. The eight-headed hydra bites you.
The eight-headed hydra barely misses you.
The eight-headed hydra bites you!
* * * LOW HITPOINT WARNING * * *
The eight-headed hydra bites you but does no damage. x2
The eight-headed hydra closely misses you.
The eight-headed hydra bites you.
* * * LOW HITPOINT WARNING * * *
The eight-headed hydra bites you.
* * * LOW HITPOINT WARNING * * *
The cane toad stings you but does no damage.
The merfolk hits you from afar with a +0 trident.
* * * LOW HITPOINT WARNING * * *
The water moccasin bites you.
* * * LOW HITPOINT WARNING * * *
The merfolk siren chants a haunting song.
You resist with almost no effort. The komodo dragon closely misses you.
The merfolk hits you from afar with a +0 trident!
* * * LOW HITPOINT WARNING * * *
Unknown command.
You feel much better. The water moccasin barely misses you.
The merfolk siren chants a haunting song.
You easily resist.
The cane toad barely misses you.
The merfolk hits you from afar with a +0 trident!
* * * LOW HITPOINT WARNING * * *
The eight-headed hydra bites you!
* * * LOW HITPOINT WARNING * * *
The eight-headed hydra closely misses you.
The eight-headed hydra bites you but does no damage. x4
The eight-headed hydra bites you!
You die...

#### #########
##..######....#..#######
..............†.........
............m.mD@l......
........†...m.mSF.......
........................
...##.#.#.###P#########.
.## ####### ### .


You could see an eight-headed hydra, 2 merfolk, a komodo dragon, 2 merfolk
sirens, a cane toad and a water moccasin.

Vanquished Creatures
  3 hydras
  A rakshasa (D:13)
  Fannar (D:11)
  3 boulder beetles
  2 centaur warriors (D:13)
  A death knight (D:11)
  5 two-headed ogres
  Sonja (D:10)
  Pikel (D:4)
  6 cyclopes
  2 manticores
  An ugly thing (D:7)
  Maurice (D:10)
  2 cane toads (Lair:1)
  Joseph (D:9)
  A gargoyle (D:13)
  2 unseen horrors
  2 komodo dragons
  A kobold demonologist (D:10)
  Maggie (D:6)
  7 trolls
  3 meliai (D:13)
  9 slime creatures
  2 hornets
  Grinder (D:3)
  4 vampires
  4 water elementals (D:13)
  27 yaks
  A wyvern (D:8)
  Eustachio (D:6)
  A basilisk (D:7)
  Grum (D:11)
  3 steam dragons
  4 vampire mosquitoes (D:7)
  Menkaure (D:5)
  Edmund (D:5)
  2 water moccasins
  2 sky beasts (D:7)
  4 orc warriors
  2 black bears (D:7)
  4 ice beasts
  3 ogres
  4 wolves (D:11)
  A phantom (D:5)
  5 centaurs
  3 lemures
  3 kobold brigands
  10 bullfrogs
  A gnoll sergeant (D:9)
  5 scorpions
  18 killer bees
  3 wights (D:8)
  2 electric eels (D:13)
  7 howler monkeys
  A bullfrog zombie (D:5)
  6 centaur zombies
  2 human zombies (Ossuary)
  4 hounds
  A jelly (D:4)
  5 orc priests
  4 bullfrog skeletons
  3 centaur skeletons
  Crazy Yiuf (D:2)
  4 iguanas
  Ijyb (D:5)
  Natasha (thrice) (D:4)
  5 orc wizards
  A hound zombie (Ossuary)
  3 mummies (Ossuary)
  2 howler monkey zombies
  Robin (D:4)
  7 gnolls
  2 adders (D:3)
  A howler monkey skeleton (D:7)
  3 shadow imps
  3 white imps
  3 ufetubi
  4 adder zombies (Ossuary)
  2 worms (D:3)
  A dart slug (D:1)
  33 orcs
  4 ball pythons
  6 endoplasms
  2 giant cockroaches
  14 goblins
  10 hobgoblins
  17 jackals
  4 quokkas
  4 bats
  5 frilled lizards
  A gnoll zombie (Ossuary)
  4 goblin zombies
  3 hobgoblin zombies (Ossuary)
  3 jackal zombies (Ossuary)
  21 kobolds
  3 kobold zombies (Ossuary)
  4 orc zombies (Ossuary)
  3 quokka zombies
  9 rats
  4 rat zombies (Ossuary)
414 creatures vanquished.

Vanquished Creatures (collateral kills)
  A bullfrog (Lair:2)
1 creature vanquished.

Vanquished Creatures (others)
  10 fungi
  7 plants
17 creatures vanquished.

Grand Total: 432 creatures vanquished

Notes
Turn   | Place    | Note
-------+----------+-------------------------------------------
     0 | D:1      | Gorglomux the Djinni Ice Elementalist began the quest for
                  | the Orb.
     0 | D:1      | Reached XP level 1. HP: 15/15 MP: 0/0
   144 | D:1      | Reached XP level 2. HP: 17/22 MP: 0/0
   147 | D:1      | Reached skill level 1 in Fighting
   317 | D:1      | Found a faded altar of an unknown god.
   776 | D:1      | Found Liref's Antique Armour Shop.
  1018 | D:1      | Reached XP level 3. HP: 13/27 MP: 0/0
  1018 | D:1      | Learned a level 1 spell: Magic Dart
  1872 | D:2      | Reached skill level 2 in Fighting
  2250 | D:2      | Reached XP level 4. HP: 31/33 MP: 0/0
  2308 | D:2      | Found a runed translucent door.
  2309 | D:2      | Noticed Crazy Yiuf
  2467 | D:2      | Killed Crazy Yiuf
  2819 | D:3      | Reached XP level 5. HP: 14/40 MP: 0/0
  2819 | D:3      | Learned a level 2 spell: Poisonous Vapours
  3418 | D:3      | HP: 2/40 [bullfrog skeleton (1)]
  3425 | D:3      | HP: 1/40 [bullfrog skeleton (6)]
  3427 | D:3      | Reached skill level 3 in Fighting
  4566 | D:4      | Noticed a lemure
  4568 | D:4      | Noticed a lemure
  4575 | D:4      | Killed a lemure
  4576 | D:4      | Noticed a lemure
  4577 | D:4      | Killed a lemure
  4578 | D:4      | Reached XP level 6. HP: 33/47 MP: 0/0
  4579 | D:4      | Noticed Pikel
  4591 | D:3      | Upgraded the game from 0.27-a0-1154-gfdeffcb720 to
                  | 0.27-a0-1158-gaa87e14f67
  4900 | D:4      | Noticed Robin
  4901 | D:4      | Noticed Natasha
  4908 | D:4      | Killed Natasha
  4912 | D:4      | Noticed Grinder
  4915 | D:4      | Killed Robin
  4916 | D:4      | Reached skill level 4 in Fighting
  5207 | D:4      | Killed Pikel
  5208 | D:4      | Reached skill level 5 in Fighting
  5208 | D:4      | Reached XP level 7. HP: 12/55 MP: 0/0
  5208 | D:4      | Learned a level 3 spell: Gell's Gravitas
  5208 | D:4      | Reached XP level 8. HP: 14/61 MP: 0/0
  5587 | D:4      | Noticed Natasha
  5592 | D:4      | Killed Natasha
  5600 | D:4      | Noticed Natasha
  5608 | D:4      | Killed Natasha
  5676 | D:5      | Entered Level 5 of the Dungeon
  5677 | D:5      | Noticed Ijyb
  5900 | D:5      | Killed Ijyb
  5943 | D:5      | Reached skill level 6 in Fighting
  6259 | D:5      | Noticed Edmund
  6267 | D:5      | Killed Edmund
  6268 | D:5      | Reached skill level 6 in Spellcasting
  6652 | D:5      | Reached skill level 7 in Fighting
  6875 | D:5      | Found Kunwaete's Assorted Antiques.
  6898 | D:5      | Bought a blue potion for 21 gold pieces
  6898 | D:5      | Bought a ruby potion for 21 gold pieces
  6898 | D:5      | Bought 3 scrolls labelled VIAG PEIDUTOT LAOZ for 72 gold
                  | pieces
  6898 | D:5      | Bought an encrusted golden ring for 120 gold pieces
  7359 | D:4      | Reached XP level 9. HP: 52/68 MP: 0/0
  7359 | D:4      | Learned a level 4 spell: Petrify
  7502 | D:3      | Killed Grinder
  8017 | D:5      | Noticed Menkaure
  8035 | D:5      | Killed Menkaure
  8096 | D:5      | Reached skill level 8 in Fighting
  8814 | D:6      | Found a staircase to the Ecumenical Temple.
  8845 | D:6      | Reached skill level 1 in Armour
  8849 | Temple   | Entered the Ecumenical Temple
  9059 | Temple   | Became a worshipper of Makhleb the Destroyer
  9088 | D:6      | Noticed Maggie
  9109 | D:6      | Killed Maggie
 10278 | D:6      | Noticed Eustachio
 10298 | D:6      | Killed Eustachio
 10494 | D:7      | Reached skill level 3 in Armour
 10494 | D:7      | Reached XP level 10. HP: 49/77 MP: 0/0
 10749 | D:7      | Found a sand-covered staircase.
 10774 | Ossuary  | Entered an ossuary
 11060 | Ossuary  | Reached * piety under Makhleb
 11908 | D:7      | Reached skill level 9 in Fighting
 11908 | D:7      | Reached skill level 3 in Stealth
 11965 | D:7      | Noticed a white ugly thing
 11982 | D:7      | Killed a white ugly thing
 11983 | D:7      | Noticed a two-headed ogre
 12023 | D:7      | Killed a two-headed ogre
 12033 | D:7      | HP: 2/78 [something (6)]
 12034 | D:7      | Killed an unseen horror
 12227 | D:7      | Reached ** piety under Makhleb
 12334 | D:7      | Noticed a cyclops
 12351 | D:7      | HP: 6/120 [cyclops (13)]
 12355 | D:7      | Killed a cyclops
 12356 | D:7      | Reached skill level 10 in Fighting
 12435 | D:7      | Reached XP level 11. HP: 20/85 MP: 0/0
 12435 | D:7      | Learned a level 4 spell: Airstrike
 12445 | D:7      | Noticed a manticore
 12818 | D:7      | Killed a manticore
 12819 | D:7      | Reached skill level 1 in Invocations
 12923 | D:7      | Noticed a death knight
 13624 | D:7      | Reached skill level 9 in Spellcasting
 13815 | D:8      | Reached skill level 3 in Invocations
 14121 | D:8      | Reached skill level 11 in Fighting
 14189 | D:8      | Found a staircase to the Lair.
 14745 | D:8      | Found a bloodstained altar of Trog.
 14745 | D:8      | Noticed a cyclops
 14748 | D:8      | Noticed a moth of wrath
 14748 | D:8      | Noticed Lanoc's ghost (novice NaEn)
 14753 | D:8      | Found a transporter.
 14758 | D:8      | Found a transporter.
 14996 | D:8      | Reached *** piety under Makhleb
 15223 | D:9      | Noticed a two-headed ogre
 15236 | D:9      | Killed a two-headed ogre
 15563 | D:9      | Found a staircase to the Orcish Mines.
 15759 | D:9      | You are sucked into a shaft and drop 1 floor!
 15759 | D:10     | Entered Level 10 of the Dungeon
 15791 | D:10     | Reached XP level 12. HP: 87/94 MP: 0/0
 16044 | D:10     | Noticed Maurice
 16046 | D:10     | Noticed Sonja
 16051 | D:10     | Killed Sonja
 16057 | D:10     | Reached skill level 12 in Fighting
 16060 | D:10     | Killed Maurice
 16255 | D:9      | Noticed Joseph
 16257 | D:8      | Reached **** piety under Makhleb
 16280 | D:9      | Killed Joseph
 16699 | D:9      | Found a broken altar of Ashenzari.
 16699 | D:9      | Found a shimmering altar of Xom.
 18022 | D:11     | Noticed a two-headed ogre
 18032 | D:11     | Killed a two-headed ogre
 18113 | D:11     | Noticed a two-headed ogre
 18121 | D:11     | Killed a two-headed ogre
 18433 | D:11     | Noticed a boulder beetle
 18448 | D:11     | Killed a boulder beetle
 18449 | D:11     | Reached skill level 13 in Fighting
 18659 | D:11     | Noticed Grum
 18667 | D:11     | Reached XP level 13. HP: 61/103 MP: 0/0
 18667 | D:11     | Learned a level 5 spell: Lightning Bolt
 18667 | D:11     | Killed Grum
 18929 | D:11     | Noticed Fannar
 18940 | D:11     | Killed Fannar
 19418 | D:12     | Noticed a five-headed hydra
 19440 | D:12     | Killed a five-headed hydra
 19450 | D:12     | Reached skill level 14 in Fighting
 19646 | D:12     | Reached ***** piety under Makhleb
 20723 | D:12     | Found a runed translucent door.
 20726 | D:12     | Noticed rigao's ghost (journeyman TrCK)
 21102 | D:12     | Found a large runed translucent door.
 21102 | D:12     | Found a large runed translucent door.
 21576 | D:13     | Noticed a rakshasa
 21603 | D:13     | Killed a rakshasa
 21604 | D:13     | Reached skill level 12 in Spellcasting
 21655 | D:13     | Noticed a boulder beetle
 21672 | D:13     | Killed a boulder beetle
 21675 | D:13     | Identified the +3 ring mail of Atuem {-Cast rPois rC+ SInv}
 21755 | D:13     | Found Yzxiesio's Assorted Antiques.
 21763 | D:13     | Bought a heavily runed ring mail for 234 gold pieces
 21763 | D:13     | Identified the +5 ring mail "Wavazu Tudgh" {Str+5 Stlth+}
                  | (You bought it in a shop on level 13 of the Dungeon)
 21763 | D:13     | Bought a wand of digging (9) for 208 gold pieces
 21878 | D:13     | Noticed a centaur warrior
 21896 | D:13     | Killed a centaur warrior
 22077 | D:13     | Reached skill level 1 in Evocations
 22192 | D:13     | Noticed a centaur warrior
 22204 | D:13     | Killed a centaur warrior
 22205 | D:13     | Reached skill level 3 in Dodging
 22279 | D:13     | Reached XP level 14. HP: 104/112 MP: 0/0
 23376 | Lair:1   | Entered Level 1 of the Lair of Beasts
 25040 | Lair:2   | HP: 5/112 [merfolk/+0 trident (7)]
 25041 | Lair:2   | Mangled by an eight-headed hydra

Illustrated notes

Levels and vault maps discovered:
D:1:      grunt_arrival_lava_bath, layout_basic, serial_shops,
          nicolae_shop_stone, ebering_ecumenical_altar_abandoned, minmay_3d_cube
D:2:      layout_loops_corners, uniq_crazy_yiuf_cottage
D:3:      layout_basic
D:4:      layout_rooms, uniq_pikel, uniq_robin, uniq_grinder, uniq_natasha
D:5:      layout_rooms, serial_shops, shop_statue, uniq_ijyb, uniq_edmund,
          uniq_menkaure
D:6:      layout_cave_pods, minmay_temple_entry_drinking_statues,
          minmay_chambers_of_fives, uniq_eustachio, uniq_maggie
D:7:      minmay_the_grid_four_pointed_star
          [minmay_the_grid_triangle_9x9_checkered,
          minmay_the_grid_triangle_9x9_thin_v,
          minmay_the_grid_triangle_9x9_empty,
          minmay_the_grid_triangle_9x9_swiss_cheese,
          minmay_the_grid_prize_four_corners], layout_loops_corners,
          enter_ossuary_4, minmay_circle_x
D:8:      layout_loops_ring, grunt_lair_entry_orc_guard_hut,
          gammafunk_ghost_wrathful_warriors, minmay_fractal_squares_gapless_5
D:9:      layout_basic, gammafunk_temple_overflow_wave, minmay_misc_feat_square,
          uniq_joseph
D:10:     layout_loops_ring, uniq_maurice, uniq_sonja
D:11:     layout_roguey, hangedman_abyss_or_decor_stagger, uniq_fannar,
          uniq_grum
D:12:     layout_basic, ebering_ghost_inner_flame, lightli_elemental_guards
D:13:     layout_basic, serial_shops, nicolae_shop_crystal, glass_columns_b
D:14:     layout_cave_pods, erik_vaults_2, serial_bayou_pond_d,
          ebering_ghost_xom
Temple:   regret_index_temple_chain_breaker
Lair:1:   layout_gridlike, lemuel_fruit_fields
Lair:2:   layout_long_grid, elwin_shoals_entry_stream, gammafunk_ghost_icy

Skill      XL: |  1  2  3  4  5  6  7  8  9 10 11 12 13 14 |
---------------+-------------------------------------------+-----
Fighting       | 1 2 3 5 7 8 10 11 13 14 | 14.8
Spellcasting   | 4 5 6 7 8 9 11 12 | 12.2
Armour         | 3 4 |  4.0
Stealth        | 2 4 |  4.0
Invocations    | 4 5 |  5.1
Evocations     | 1 2 |  2.9
Dodging        | 3 4 |  4.0

Action                   |  1- 3 |  4- 6 |  7- 9 | 10-12 | 13-15 || total
-------------------------+-------+-------+-------+-------+-------++-------
Melee: Unarmed           |     6 |       |       |       |       ||     6
       Dagger            |       |    95 |   159 |   496 |    93 ||   843
       Whip              |       |       |    42 |       |       ||    42
 Cast: Freeze            |    56 |    49 |    29 |    39 |    25 ||   198
       Magic Dart        |     9 |    14 |    75 |    66 |     9 ||   173
       Frozen Ramparts   |       |    14 |    19 |    51 |     8 ||    92
       Ozocubu's Armour  |       |     3 |     8 |    26 |     6 ||    43
       Poisonous Vapours |       |     2 |    20 |    20 |    21 ||    63
       Hailstorm         |       |     2 |       |    44 |    37 ||    83
       Gell's Gravitas   |       |       |     9 |    13 |     2 ||    24
       Metabolic Englaci |       |       |     3 |    14 |     9 ||    26
       Petrify           |       |       |    21 |    52 |    31 ||   104
       Airstrike         |       |       |       |    22 |    98 ||   120
       Lightning Bolt    |       |       |       |       |     9 ||     9
Invok: Minor Destruction |       |       |       |    16 |     2 ||    18
       Lesser Servant of |       |       |       |       |     1 ||     1
Evoke: Wand              |       |       |       |     3 |     5 ||     8
  Use: Potion            |       |     3 |     3 |     5 |     2 ||    13
       Scroll            |       |     1 |     5 |     3 |     6 ||    15
 Stab: Sleeping          |       |     3 |       |     3 |       ||     6
       Petrified         |       |       |    77 |   102 |    37 ||   216
       Petrifying        |       |       |     4 |     9 |       ||    13
Armor: Robe              |    11 |    25 |     1 |       |       ||    37
       Leather armour    |       |       |    91 |   373 |    28 ||   492
       Skin              |       |       |     1 |     1 |       ||     2
       Ring mail         |       |       |       |       |    63 ||    63
Dodge: Dodged            |    49 |   100 |   169 |   369 |    99 ||   786

Table legend: (Time is in decaauts)
 A = Elapsed time spent in this place.
 B = Non-inter-level travel time spent in this place.
 C = Inter-level travel time spent in this place.
 D = Time resting spent in this place.
 E = Time spent auto-exploring this place.
 F = Levels seen in this place.
 G = Mean time per level.
                   A        B        C        D        E       F      G
               +--------+--------+--------+--------+--------+-----+--------+
         Total |  25070 |  23828 |   1242 |   5992 |  14005 |  18 | 1392.8 |
       Dungeon |  22125 |  20968 |   1157 |   5268 |  12330 |  14 | 1580.4 |
        Temple |    215 |    164 |     51 |      0 |    158 |   1 |  215.0 |
          Lair |   1665 |   1631 |     34 |    423 |   1093 |   2 |  832.5 |
       Ossuary |   1063 |   1063 |      0 |    301 |    424 |   1 | 1063.0 |
               +--------+--------+--------+--------+--------+-----+--------+

Top non-repeatable levels by time:
     D:3: 2553 daAuts
     D:6: 2278 daAuts
    D:12: 2145 daAuts
     D:7: 1917 daAuts
     D:8: 1884 daAuts
    D:13: 1816 daAuts
     D:4: 1621 daAuts
     D:5: 1615 daAuts
  Lair:1: 1584 daAuts
     D:1: 1558 daAuts
     D:9: 1430 daAuts
    D:11: 1330 daAuts
 Ossuary: 1063 daAuts
     D:2: 988 daAuts
    D:10: 980 daAuts
